 Dungeon Crawl Stone Soup version 0.31-a0-152-g6aa68a64a1 (webtiles) character file.

Game seed: 7861762184918114668

48 qw the Chopper (level 3, -7/23 HPs)
             Began as a Gargoyle Fighter on June 10, 2023.
             Mangled by a gnoll
             ... wielding a +2 halberd of protection
              (12 damage)
             ... on level 2 of the Dungeon.
             The game lasted 00:00:24 (850 turns).

qw the Chopper (Gargoyle Fighter)                    Turns: 850, Time: 00:00:24

Health: -7/23      AC: 12    Str: 21    XL:     3   Next: 72%
Magic:  3/3        EV:  9    Int:  8    God:
Gold:   24         SH:  4    Dex:  9    Spells: 2/2 levels left

rFire   . . .        Y - +0 war axe
rCold   . . .        c - +0 buckler
rNeg    + . .        f - +2 scale mail {Will+}
rPois   inf          (no helmet)
rElec   +            (no cloak)
rCorr   .            (no gloves)
SInv    .            (no boots)
Will    +....        (no amulet) Stlth
                     (no ring)
HPRegen 0.23/turn    (no ring)
MPRegen 0.08/turn

%: no passive effects
@: about to teleport
A: sickness immunity, AC +3, negative energy resistance 1, electricity
resistance, torment resistance 1, petrification resistance
a: no special abilities


You were on level 2 of the Dungeon.
You visited 1 branch of the dungeon, and saw 2 of its levels.

You collected 24 gold pieces.


Innate Abilities, Weirdness & Mutations

You are immune to sickness and miasma.
Your stone body is resilient. (AC +3)
You are immune to poison.
You resist negative energy. (rN+)
You are resistant to electric shocks. (rElec)
You are resistant to unholy torment.
You are immune to petrification.


   Skills:
 - Level 3.2 Fighting
 + Level 3.6 Axes
 - Level 3.2 Armour
 - Level 3.2 Shields


You had 2 spell levels left.
You didn't know any spells.
Your spell library was empty.

Inventory:

Hand Weapons
 e - a +0 flail
 Y - a +0 war axe (weapon)
Armour
 c - a +0 buckler (worn)
 f - a +2 scale mail of willpower (worn)
Scrolls
 a - 2 scrolls of teleportation
Potions
 d - a potion of might
 h - a potion of heal wounds {unknown}
 j - a potion of mutation {unknown}

Dungeon Overview and Level Annotations

Branches:
Dungeon (2/15)

Altars:

Shops:
D:2 [


Message History

You can access your shopping list by pressing '$'. 3 gnolls come into view.
A gnoll is wielding a +2 halberd of protection.
The gnoll shouts! x3
840 ||| Stepping ~*~*~tactically~*~*~ (hiding).
The gnoll hits you but does no damage. The gnoll hits you with a +0 spear.
You slash the gnoll!
The gnoll is severely wounded.
The gnoll hits you but does no damage. You block the gnoll's attack.
You slash the gnoll!
You kill the gnoll!
The gnoll hits you from afar with a +2 halberd of protection.
Found a mace.
Things that are here:
a +0 spear; a gnoll corpse You barely miss the gnoll. x2
The gnoll hits you with a +2 halberd of protection!
The gnoll hits you but does no damage. The gnoll hits you with a +0 club.
You block the gnoll's attack.
You slash the gnoll!
The gnoll is severely wounded.
You barely miss the gnoll. You block the gnoll's attack.
The gnoll hits you but does no damage.
You closely miss the gnoll.
The gnoll is severely wounded.
You hit the gnoll but do no damage. The gnoll barely misses you.
The gnoll hits you with a +0 club.
You closely miss the gnoll.
The gnoll is severely wounded.
You hit the gnoll.
The gnoll hits you with a +2 halberd of protection.
The gnoll hits you but does no damage. You block the gnoll's attack.
The gnoll barely misses you.
850 ||| READING 3 scrolls of teleportation.
As you read the scroll of teleportation, it crumbles to dust.
You feel strangely unstable.
The gnoll hits you with a +2 halberd of protection!
Ouch! That really hurt!
You die...

####....# #.#<#'###...
........###...%........
.......#............##.
.......#.##.........#
.......#............#
.......#..#.........#
.......#............#
.......#..##........#
.......#..#g@.......#
#..#g###+#### ####. ..
... )... #####


You could see 2 gnolls.

Vanquished Creatures
  A gnoll (D:2)
  2 adders (D:1)
  A giant cockroach (D:1)
  A goblin (D:1)
  2 hobgoblins (D:1)
  2 quokkas (D:1)
  A ball python (D:1)
  5 bats
  3 frilled lizards (D:1)
  2 kobolds (D:1)
  2 rats (D:1)
22 creatures vanquished.

Notes
Turn   | Place    | Note
-------+----------+-------------------------------------------
     0 | D:1      | qw the Gargoyle Fighter began the quest for the Orb.
     0 | D:1      | Reached XP level 1. HP: 14/14 MP: 1/1
     0 | D:1      | 0 ||| qw: Version: 0.2-a-123-gb51047a
     0 | D:1      | 0 ||| qw: Game counter: 3769
     0 | D:1      | 0 ||| qw: Always use a shield: true
     0 | D:1      | 0 ||| qw: God list: Okawaru
     0 | D:1      | 0 ||| qw: Allow faded altars: false
     0 | D:1      | 0 ||| qw: Do Orc after D:15 true
     0 | D:1      | 0 ||| qw: Do second Lair branch before Depths: true
     0 | D:1      | 0 ||| qw: Lair rune preference: random
     0 | D:1      | 0 ||| qw: Plans: Normal, Zot:1-4, Slime:5, God:TSO, Crypt,
                  | Tomb, Abyss, Pan, Hells, Win
     0 | D:1      | 0 ||| PLANNING D:1-11
   201 | D:1      | 201 ||| Stepping ~*~*~tactically~*~*~ (stealth).
   202 | D:1      | 202 ||| Stepping ~*~*~tactically~*~*~ (stealth).
   257 | D:1      | 257 ||| Stepping ~*~*~tactically~*~*~ (stealth).
   272 | D:1      | Reached XP level 2. HP: 19/19 MP: 2/2
   702 | D:1      | 702 ||| UPGRADING to +2 scale mail of willpower.
   712 | D:1      | 712 ||| DROPPING +0 scale mail.
   713 | D:1      | 713 ||| READING 4 scrolls labelled GIUGHA KAAHOPS.
   718 | D:1      | 718 ||| READING scroll labelled SEROUSCHEWK.
   781 | D:2      | 781 ||| STAIRDANCE
   786 | D:1      | Reached skill level 3 in Axes
   786 | D:1      | Reached XP level 3. HP: 17/23 MP: 3/3
   822 | D:2      | Found Isycekk's Antique Armour Shoppe.
   825 | D:2      | 825 ||| SHOPLISTING glowing crystal plate armour (1992
                  | gold, have 24).
   825 | D:2      | 825 ||| SHOPLISTING plate armour (552 gold, have 24).
   825 | D:2      | 825 ||| SHOPLISTING shiny kite shield (180 gold, have 24).
   840 | D:2      | 840 ||| Stepping ~*~*~tactically~*~*~ (hiding).
   849 | D:2      | HP: 5/23 [gnoll/+2 halberd of protection (1)]
   850 | D:2      | 850 ||| READING 3 scrolls of teleportation.
   850 | D:2      | Mangled by a gnoll

Levels and vault maps discovered:
D:1:      dpeg_cavernosity, layout_rooms
D:2:      minmay_angry_zag, layout_basic, serial_shops, nicolae_shop_trees

Skill      XL: |  1  2 |
---------------+-------+-----
Axes           | 2 3 |  3.6
Fighting       | |  3.2
Armour         | |  3.2
Shields        | |  3.2

Action                     || total
---------------------------++-------
  Melee: War axe           ||    83
    Use: Scroll            ||     3
 Armour: Scale mail        ||    57
  Dodge: Dodged            ||    47
  Block: Buckler           ||    28

Table legend:
 A = Non-vault XP
 B = Vault XP
 C = Vault XP percentage of total XP
 D = Non-vault monster count
 E = Vault monster count
 F = Vault count percentage of total count
                 A         B        C        D         E       F
            +---------+---------+-------+---------+---------+-------
      Total |      63 |       6 |   8.7 |      18 |       4 |  18.2
            +---------+---------+-------+---------+---------+-------
        D:1 |      47 |       6 |  11.3 |      16 |       4 |  20.0
        D:2 |      16 |       0 |   0.0 |       2 |       0 |   0.0
            +---------+---------+-------+---------+---------+-------
